[Event "Team 45 45 League T71"]
[Site "Internet Chess Club"]
[Date "2017.01.23"]
[Round "6"]
[White "ChessMaine"]
[Black "akshayk06"]
[Result "0-1"]
[WhiteElo "1500"]
[BlackElo "1453"]
[Opening "Queen's pawn game"]
[ECO "D00"]
[Time "21:01:34"]
[TimeControl "2700+45"]

1. d4 d5 2. e3 c6 3. Bd3 Nf6 4. Nd2 Bg4 5. Ne2 e6 6. c3 Bd6 7. Qc2 Bh5 8. e4
dxe4 9. Nxe4 Nxe4 10. Bxe4 Qh4 11. Ng3 Bg6 12. Bxg6 hxg6 13. Qd3 Nd7 14. Bd2 Kf8
15. O-O-O b5 16. h3 Nb6 17. Ne4 Bf4 18. g3 Bxd2+ 19. Nxd2 Qg5 20. Kb1 Rd8 21.
Nf3 Qd5 22. Ne5 Rh5 23. Qe3 Nc4 24. Nxc4 bxc4 25. g4 Rg5 26. f4 Rb8 27. fxg5 Qb5
28. Rd2 a5 29. Qe5 Qb7 30. Rf1 a4 31. Rff2 a3 32. Qxe6 c5 33. Qd6+ Kg8 34. Qh2
Qe4+ 35. Kc1 Qe1+ 36. Rd1 Qe3+ 37. Rdd2 axb2+ 38. Kb1 Qe1+ {White resigns} 0-1

[Event "Team 45 45 League T71"]
[Site "Internet Chess Club"]
[Date "2017.01.21"]
[Round "6"]
[White "guyd52"]
[Black "seattleblues"]
[Result "0-1"]
[WhiteElo "1345"]
[BlackElo "1385"]
[Opening "Réti opening"]
[ECO "A04"]
[Time "06:01:04"]
[TimeControl "2700+45"]

1. Nf3 c6 2. g3 d5 3. Bg2 Nf6 4. d3 Bg4 5. Nbd2 e6 6. O-O Bd6 7. Qe1 Nbd7 8. e4
dxe4 9. Nxe4 Nxe4 10. Qxe4 Bf5 11. Qe2 O-O 12. Be3 Re8 13. c4 e5 14. Nh4 Be6 15.
Be4 Nf6 16. Bf5 Qd7 17. Qf3 g6 18. Be4 Nxe4 19. Qxe4 Qc7 20. Bg5 Be7 21. Nf3 Bf5
22. Qe3 Bf8 23. Bf6 e4 24. Nd4 exd3 25. Qd2 Bh3 26. Rfe1 Qd7 27. Qxd3 c5 28. b3
cxd4 29. Bxd4 Bg7 30. Rxe8+ Rxe8 31. Rd1 Bxd4 32. Qxd4 Qxd4 33. Rxd4 Re1# {White
checkmated} 0-1

[Event "Team 45 45 League T71"]
[Site "Internet Chess Club"]
[Date "2017.01.21"]
[Round "6"]
[White "Conjurer"]
[Black "Just-Jim"]
[Result "1-0"]
[WhiteElo "1296"]
[BlackElo "1292"]
[Opening "Queen's pawn, Mason variation"]
[ECO "D00"]
[Time "12:01:23"]
[TimeControl "2700+45"]

1. d4 d5 2. Bf4 f5 3. e3 e6 4. Nf3 Be7 5. c4 Nf6 6. Nc3 c6 7. cxd5 cxd5 8. Nb5
Na6 9. Bd3 O-O 10. O-O Nh5 11. Be5 Bf6 12. Bd6 Be7 13. Be5 Nf6 14. Rc1 Nb4 15.
Bb1 Bd7 16. Nd6 Bxd6 17. Bxd6 Bb5 18. Bxf8 Bxf1 19. Bxb4 Bb5 20. Ne5 a5 21. Ba3
Qe8 22. Rc7 Ne4 23. Rxb7 Rc8 24. f3 Ba6 25. Ra7 Qb5 26. Bd3 Qb6 27. Rxa6 Qc7 28.
fxe4 fxe4 29. Be2 h6 30. Bg4 Re8 31. Bxe6+ Kh7 32. Bc5 Qb7 33. Bf5+ Kh8 34. Rb6
Qc7 35. Qh5 Rxe5 36. dxe5 Qxc5 37. Qe8+ Qf8 38. Qxf8# {Black checkmated} 1-0

[Event "Team 45 45 League T71"]
[Site "Internet Chess Club"]
[Date "2017.01.23"]
[Round "6"]
[White "Innes"]
[Black "RD1974"]
[Result "1-0"]
[WhiteElo "1487"]
[BlackElo "1569"]
[Opening "Scandinavian (center counter) defense"]
[ECO "B01"]
[Time "17:43:53"]
[TimeControl "2700+45"]

1. e4 d5 2. exd5 Qxd5 3. d4 Nf6 4. Nf3 Bf5 5. Nc3 Qd6 6. Ne5 c6 7. Bf4 Qb4 8.
Bc4 e6 9. O-O Nbd7 10. Nxd7 Nxd7 11. Bb3 Be7 12. a3 Qa5 13. Qh5 Nf6 14. Qg5 Qd8
15. Rfe1 Ng4 16. Qh5 g6 17. Qh3 Nxf2 18. Qg3 Bh4 19. Bc7 Qxd4 20. Qe3 Qg4 21.
Re2 Rc8 22. Be5 O-O 23. Rxf2 Bxf2+ 24. Qxf2 f6 25. Bg3 Kg7 26. h3 Qh5 27. Qf3
Qxf3 28. gxf3 Bxh3 29. Ne4 e5 30. Nc5 Rc7 31. Be6 b6 32. Na6 Bxe6 33. Nxc7 Bc8
34. Rd1 Rf7 35. Ne8+ Kf8 36. Nd6 Rd7 37. Rd2 Ba6 38. Ne4 Rxd2 39. Nxd2 Ke7 40.
Kf2 Ke6 41. Ne4 h6 42. a4 f5 43. Nc3 g5 44. b4 Bc4 45. Kg2 h5 46. Bf2 Ba6 47. a5
Bb7 48. axb6 axb6 49. Bxb6 g4 50. Na4 gxf3+ 51. Kf2 Kd5 52. Kxf3 Kc4 53. Bc5 Bc8
54. Nb6+ Kc3 55. Nxc8 Kxc2 56. Ne7 e4+ 57. Ke3 h4 58. Nxf5 h3 59. Ng3 h2 60.
Kxe4 Kc3 61. Ke5 Kc4 62. Kd6 Kb5 63. Kc7 {Black resigns} 1-0

[Event "Team 45 45 League T71"]
[Site "Internet Chess Club"]
[Date "2017.01.21"]
[Round "6"]
[White "OGO"]
[Black "drsigmund1"]
[Result "0-1"]
[WhiteElo "1431"]
[BlackElo "1411"]
[Opening "French: advance, Paulsen attack"]
[ECO "C02"]
[Time "21:30:25"]
[TimeControl "2700+45"]

1. d4 e6 2. e4 d5 3. e5 c5 4. c3 Nc6 5. Nf3 Nge7 6. Bd3 Qb6 7. O-O Bd7 8. Bc2
cxd4 9. cxd4 Nf5 10. Bxf5 exf5 11. Nc3 Be6 12. a3 Be7 13. b4 O-O 14. Na4 Qc7 15.
Be3 b6 16. Rc1 Qb7 17. Qd2 Rac8 18. Rc2 Qa6 19. Nc3 Qxa3 20. Nb5 Qxb4 21. Qxb4
Bxb4 22. Rfc1 Bd7 23. Nc3 Ba3 24. Ra1 Nb4 {White resigns} 0-1

[Event "Team 45 45 League T71"]
[Site "Internet Chess Club"]
[Date "2017.01.24"]
[Round "6"]
[White "Andaluz"]
[Black "kingsrook"]
[Result "0-1"]
[WhiteElo "1282"]
[BlackElo "1279"]
[Opening "Sicilian defense"]
[ECO "B40"]
[Time "13:00:35"]
[TimeControl "2700+45"]

1. e4 c5 2. Nf3 e6 3. c3 d5 4. exd5 exd5 5. d4 Nc6 6. Be3 Qb6 7. Qc2 Nf6 8. h3
Be7 9. Nbd2 O-O 10. Be2 Bd7 11. Ne5 Be6 12. Ndf3 Rac8 13. Nxc6 bxc6 14. O-O h6
15. Nd2 cxd4 16. cxd4 c5 17. Qb3 c4 18. Qxb6 axb6 19. Rfc1 b5 20. a3 Bd7 21. Nf3
Ne4 22. Ne5 Be6 23. Bg4 Bxg4 24. Nxg4 f6 25. Nh2 f5 26. Nf3 f4 27. Bd2 Nxd2 28.
Nxd2 Bd6 29. Nf3 g5 30. Kf1 Kf7 31. Ke2 Rfe8+ 32. Kd2 Kf6 33. Re1 Bc7 34. Rxe8
Rxe8 35. Re1 Ba5+ 36. Kd1 Bxe1 37. Nxe1 Re4 38. Nf3 h5 39. Kd2 g4 40. hxg4 hxg4
41. Ne5 Rxd4+ 42. Kc3 Kxe5 43. f3 Rd3+ 44. Kb4 gxf3 45. gxf3 Rxf3 46. Kxb5 Rb3+
47. Kc5 Rxb2 48. a4 c3 {White resigns} 0-1

[Event "Team 45 45 League T71"]
[Site "Internet Chess Club"]
[Date "2017.01.19"]
[Round "6"]
[White "cityprosecutor"]
[Black "fishhead"]
[Result "0-1"]
[WhiteElo "1701"]
[BlackElo "1681"]
[Opening "Sicilian defense"]
[ECO "B20"]
[Time "17:00:13"]
[TimeControl "2700+45"]

1. e4 c5 2. d3 d6 3. g3 g6 4. Bg2 Bg7 5. f4 Nf6 6. Nc3 Nc6 7. Nf3 O-O 8. h3 e5
9. O-O Nh5 10. Ne2 Bd7 11. f5 h6 12. g4 Nf6 13. Ng3 Ne8 14. g5 hxg5 15. Bxg5 Bf6
16. Bh6 Ng7 17. fxg6 fxg6 18. Qd2 Rf7 19. Ng5 Rf8 20. c3 Re8 21. Rf3 Ne6 22. Kf1
Bxg5 {White resigns} 0-1

[Event "Team 45 45 League T71"]
[Site "Internet Chess Club"]
[Date "2017.01.23"]
[Round "6"]
[White "kidcobra"]
[Black "elessar"]
[Result "1-0"]
[WhiteElo "1806"]
[BlackElo "1685"]
[Opening "Caro-Kann: two knights, 3...Bg4"]
[ECO "B11"]
[Time "16:04:54"]
[TimeControl "2700+45"]

1. e4 c6 2. Nc3 d5 3. Nf3 Bg4 4. exd5 cxd5 5. d4 Nf6 6. h3 Bxf3 7. Qxf3 e6 8.
Bf4 a6 9. Bd3 Nc6 10. Ne2 Nb4 11. a3 Nxd3+ 12. Qxd3 Be7 13. g4 Ne4 14. Ng3 Qa5+
15. c3 Bd6 16. Nxe4 Bxf4 17. Ng3 Bxg3 18. Qxg3 O-O 19. O-O Rac8 20. f4 Qc7 21.
g5 f5 22. g6 h6 23. h4 a5 24. Rae1 Rfe8 25. Re5 Re7 26. Rfe1 Rce8 27. Qd3 Qd7
28. c4 dxc4 29. Qxc4 b5 30. Qc5 Rc8 31. Qb6 Rc6 32. Qxb5 Qxd4+ 33. Kh1 Rb6 34.
Qxa5 Qxb2 35. Rxe6 Rbxe6 36. Qa8+ Re8 37. Qxe8+ {Black resigns} 1-0

[Event "Team 45 45 League T71"]
[Site "Internet Chess Club"]
[Date "2017.01.21"]
[Round "6"]
[White "Constrictor"]
[Black "smsxman"]
[Result "1-0"]
[WhiteElo "1603"]
[BlackElo "1352"]
[Opening "Queen's pawn game, Chigorin variation"]
[ECO "A04"]
[Time "11:04:15"]
[TimeControl "2700+45"]

1. Nf3 Nc6 2. d4 d5 3. c3 Bd7 4. Bf4 e6 5. e3 Nf6 6. Nbd2 Be7 7. Bd3 Nh5 8. Bg3
Nxg3 9. hxg3 Bf6 10. Rxh7 Rxh7 11. Bxh7 g6 12. Qc2 Ke7 13. O-O-O Qh8 14. Rh1 Qg7
15. g4 Rh8 16. g5 Bxg5 17. Nxg5 e5 18. dxe5 Qxe5 19. Ngf3 Qg7 20. Rh2 Rxh7 21.
Rxh7 Qxh7 22. Qd1 Bg4 23. Qg1 Qg7 24. Qh2 Kd8 25. Qh4+ f6 26. Qxg4 Ne5 27. Nxe5
fxe5 28. Qe6 c6 29. Nf3 e4 30. Ne5 g5 31. Nf7+ Kc7 32. Qe5+ Kb6 33. Qxg7 {Black
resigns} 1-0

[Event "Team 45 45 League T71"]
[Site "Internet Chess Club"]
[Date "2017.01.20"]
[Round "6"]
[White "Visin"]
[Black "Hal2001"]
[Result "1/2-1/2"]
[WhiteElo "1197"]
[BlackElo "1568"]
[Opening "Robatsch (modern) defense"]
[ECO "B06"]
[Time "14:12:35"]
[TimeControl "2700+45"]

1. e4 g6 2. d4 Bg7 3. c3 c5 4. Nf3 cxd4 5. cxd4 d5 6. e5 Bg4 7. Be2 Nh6 8. Nc3
O-O 9. Bxh6 Bxh6 10. O-O Nc6 11. a3 a6 12. b4 e6 13. b5 axb5 14. Nxb5 Qb6 15. a4
Bxf3 16. Bxf3 Ra5 17. Rb1 Rfa8 18. Ra1 Bg7 19. Be2 f6 20. f4 Na7 21. Nxa7 Qxa7
22. Bb5 b6 23. Rc1 Qe7 24. Rc6 Rb8 25. Qc2 Ra7 26. Rf3 Kf7 27. Rfc3 Rbb7 28. Ba6
Rd7 29. Bc8 fxe5 30. fxe5 Qh4 31. Qf2+ Qxf2+ 32. Kxf2 Re7 33. Rxb6 Rxa4 34. Ra6
Rxd4 35. Rcc6 Bxe5 36. Bxe6+ Kf8 37. Ke2 Re4+ 38. Kd3 Rd4+ 39. Ke3 Re4+ 40. Kd3
Rd4+ 41. Ke3 Re4+ {Game drawn by mutual agreement} 1/2-1/2

[Event "Team 45 45 League T71"]
[Site "Internet Chess Club"]
[Date "2017.01.22"]
[Round "6"]
[White "Elalfer"]
[Black "CrimsonZug"]
[Result "1-0"]
[WhiteElo "1611"]
[BlackElo "1431"]
[Opening "King's Indian: Petrosian system, Stein variation"]
[ECO "E92"]
[Time "19:01:43"]
[TimeControl "2700+45"]

1. d4 Nf6 2. c4 g6 3. Nf3 Bg7 4. Nc3 d6 5. e4 O-O 6. Be2 e5 7. d5 a5 8. O-O Na6
9. Bg5 h6 10. Bxf6 Bxf6 11. Qc2 Bg7 12. a3 f5 13. Nd2 f4 14. Rab1 g5 15. f3 Qe8
16. b4 axb4 17. axb4 b6 18. Nb5 Bd7 19. Qc3 Qf7 20. Ra1 h5 21. Ra3 Bc8 22. Rfa1
Bb7 23. Nb3 Qe7 24. R1a2 Rfc8 25. Ra4 c5 26. dxc6 Rxc6 27. Qa1 Qe6 28. Nc3 Rcc8
29. Nd5 Rc6 30. b5 {Black resigns} 1-0

[Event "Team 45 45 League T71"]
[Site "Internet Chess Club"]
[Date "2017.01.21"]
[Round "6"]
[White "Scorpius"]
[Black "cayo89"]
[Result "0-1"]
[WhiteElo "1376"]
[BlackElo "1668"]
[Opening "Nimzo-Indian: classical, Noa variation"]
[ECO "E34"]
[Time "13:01:54"]
[TimeControl "2700+45"]

1. d4 Nf6 2. c4 e6 3. Nc3 Bb4 4. Qc2 d5 5. Nf3 c5 6. Bg5 Nc6 7. e3 Qa5 8. Bxf6
gxf6 9. Bd3 dxc4 10. Bxc4 cxd4 11. Nxd4 Nxd4 12. exd4 Bxc3+ 13. bxc3 Bd7 14. O-O
Rc8 15. Qe2 Qxc3 16. Rac1 Qxd4 17. Rfd1 Qb6 18. Rb1 Qc7 19. Bd5 b6 20. g3 Ke7
21. f4 Qc5+ 22. Kh1 Bc6 23. Bxc6 Qxc6+ 24. Kg1 Qc2 25. Qb5 Qc5+ 26. Kg2 Qxb5 27.
Rxb5 Rc2+ {White resigns} 0-1

[Event "Team 45 45 League T71"]
[Site "Internet Chess Club"]
[Date "2017.01.21"]
[Round "6"]
[White "krysto"]
[Black "UrsaMajor"]
[Result "1-0"]
[WhiteElo "1598"]
[BlackElo "1408"]
[Opening "QGD: Tartakower (Makagonov-Bondarevsky) system"]
[ECO "D58"]
[Time "18:40:49"]
[TimeControl "2700+45"]

1. d4 Nf6 2. c4 e6 3. Nc3 d5 4. Bg5 Be7 5. e3 O-O 6. Nf3 h6 7. Bh4 b6 8. Bd3 Bb7
9. cxd5 Nxd5 10. Bxe7 Qxe7 11. O-O Nd7 12. e4 Nxc3 13. bxc3 c5 14. Re1 cxd4 15.
cxd4 Nf6 16. Qb3 Rfd8 17. a4 Rab8 18. Rac1 Rdc8 19. Rxc8+ Rxc8 20. Ne5 Qc7 21.
h3 Nd7 22. Nc4 f6 23. f3 Qg3 24. Rf1 Nf8 25. e5 Ng6 26. Bxg6 Qxg6 27. Nd6 Bd5
28. Qb1 Rc2 29. Rf2 Bb3 30. Qxb3 Rxf2 31. Kxf2 h5 32. Qxe6+ Kh7 33. Qf5 Qxf5 34.
Nxf5 Kg6 35. e6 {Black resigns} 1-0

[Event "Team 45 45 League T71"]
[Site "Internet Chess Club"]
[Date "2017.01.21"]
[Round "6"]
[White "joaoazm"]
[Black "scostanzo212"]
[Result "1-0"]
[WhiteElo "1189"]
[BlackElo "1549"]
[Opening "Sicilian: Canal-Sokolsky (Nimzovich-Rossolimo, Moscow) attack"]
[ECO "B51"]
[Time "19:34:50"]
[TimeControl "2700+45"]

1. e4 c5 2. Nf3 d6 3. Bb5+ Nd7 4. O-O a6 5. Bc4 Ngf6 6. d3 b5 7. Bb3 Nb6 8. Nbd2
e6 9. c4 bxc4 10. Nxc4 Nxc4 11. Bxc4 Bb7 12. Re1 Be7 13. e5 dxe5 14. Nxe5 O-O
15. Bd2 Bd6 16. Bg5 Qc7 17. Bxf6 gxf6 18. Ng4 f5 19. Nf6+ Kg7 20. Nh5+ Kh8 21.
Ng3 Qc6 22. f3 Rg8 23. Qd2 Bxg3 24. Qc3+ Rg7 25. hxg3 h6 26. Qe5 Kh7 27. Kf2
Rag8 28. Rh1 Rxg3 29. Rxh6+ Kxh6 30. Qf6+ R8g6 31. Rh1+ Rh3 32. Rxh3# {Black
checkmated} 1-0

[Event "Team 45 45 League T71"]
[Site "Internet Chess Club"]
[Date "2017.01.22"]
[Round "6"]
[White "Goli"]
[Black "calsal"]
[Result "0-1"]
[WhiteElo "1720"]
[BlackElo "1748"]
[Opening "Ruy Lopez: exchange variation, Alapin gambit"]
[ECO "C68"]
[Time "16:30:44"]
[TimeControl "2700+45"]

1. e4 e5 2. Nf3 Nc6 3. Bb5 a6 4. Bxc6 dxc6 5. O-O Bg4 6. h3 h5 7. d3 Qf6 8. Nbd2
Ne7 9. Nc4 Bxf3 10. Qxf3 Qxf3 11. gxf3 Ng6 12. Be3 f6 13. Kh2 a5 14. Rg1 Nh4 15.
Kg3 g5 16. a3 Be7 17. Rad1 b5 18. Nd2 Kf7 19. Nb3 Ng6 20. d4 a4 21. Nc1 exd4 22.
Rxd4 Rad8 23. Rxd8 Rxd8 24. Nd3 Bd6+ 25. f4 gxf4+ 26. Bxf4 Nxf4 27. Nxf4 Rg8+
{White resigns} 0-1

[Event "Team 45 45 League T71"]
[Site "Internet Chess Club"]
[Date "2017.01.23"]
[Round "6"]
[White "Yedixon"]
[Black "Egmont"]
[Result "0-1"]
[WhiteElo "1710"]
[BlackElo "1678"]
[Opening "French: advance, Wade variation"]
[ECO "C02"]
[Time "12:06:16"]
[TimeControl "2700+45"]

1. e4 e6 2. d4 d5 3. e5 c5 4. c3 Qb6 5. Nf3 Bd7 6. a3 Bb5 7. Bxb5+ Qxb5 8. b4
cxd4 9. cxd4 Nc6 10. Nc3 Qb6 11. O-O Nge7 12. g4 Ng6 13. Ne2 h6 14. Be3 Be7 15.
Nd2 Kd7 16. f4 h5 17. g5 Nh4 18. Bf2 Nf5 19. Nf3 Rac8 20. Ng3 Nxg3 21. hxg3 g6
22. Qd2 Rc7 23. Rfc1 Rhc8 24. Rc2 Nb8 25. Rac1 Rxc2 26. Rxc2 Rxc2 27. Qxc2 Qc6
28. Qxc6+ Kxc6 29. Be3 Kb5 30. Kf1 Kc4 31. Ke2 Kb3 32. Bc1 Kc2 33. Be3 Kb2 34.
Nh4 Kxa3 35. Bd2 Bxb4 36. Bc1+ Ka4 37. Kd3 Kb5 38. Bb2 a5 39. Ng2 a4 40. Ne3 Kc6
41. g4 h4 42. f5 h3 43. fxg6 fxg6 44. Nf1 b5 45. Nh2 Be7 46. Bc1 b4 47. Nf3 Nd7
48. Bf4 a3 49. Kc2 Nb6 50. Kb3 Nc4 51. Nh4 Bxg5 {White resigns} 0-1

[Event "Team 45 45 League T71"]
[Site "Internet Chess Club"]
[Date "2017.01.21"]
[Round "6"]
[White "julesraider"]
[Black "Chess4Him"]
[Result "0-1"]
[WhiteElo "1655"]
[BlackElo "1605"]
[Opening "Modern defense: Averbakh system"]
[ECO "A40"]
[Time "21:30:23"]
[TimeControl "2700+45"]

1. d4 g6 2. c4 Bg7 3. Nc3 d6 4. e4 e5 5. d5 Nd7 6. Nf3 Ne7 7. Be2 O-O 8. O-O a5
9. Re1 Nc5 10. h3 f5 11. Ng5 h6 12. Nf3 fxe4 13. Nh2 Nf5 14. Ng4 h5 15. Ne3 Nd4
16. Bf1 Qf6 17. Qd2 Bxh3 18. Nc2 Nf3+ 19. gxf3 Bxf1 20. Kxf1 Qxf3 21. Qe3 Qh1+
22. Ke2 Qg2 23. Qg3 Rxf2+ 24. Qxf2 Qg4+ 25. Kd2 Bh6+ 26. Ne3 Rf8 27. Qg1 Qxg1
28. Rxg1 Rf2+ 29. Kd1 Kh7 30. Bd2 Rf3 31. Ke2 Rh3 32. Raf1 Bf4 33. Nb5 Nd3 34.
Nxd6 cxd6 35. b3 Rh2+ 36. Ng2 Bxd2 37. Kxd2 Nf4 38. Ke3 Nxg2+ 39. Kxe4 Rh4+ 40.
Kf3 Nf4 41. Rg3 Rh2 42. Rf2 Rh1 43. Ke3 Re1+ 44. Kd2 Rb1 45. Kc2 Ra1 46. Kb2 Rd1
47. Kc3 Rc1+ 48. Kb2 Rd1 49. Ka3 Kh6 50. Rgf3 g5 51. b4 axb4+ 52. Kb3 g4 53.
Rxf4 exf4 54. Rxf4 Rd3+ 55. Kc2 Rf3 56. Re4 g3 57. Re6+ Kg5 58. Rxd6 g2 59. Rd8
Rf6 60. d6 g1=Q 61. Rg8+ Rg6 62. Rd8 Qd4 63. Kb3 Rxd6 64. Rc8 Rc6 65. Rg8+ Rg6
66. Rc8 Qc3+ 67. Ka4 Qa3+ 68. Kb5 Qa6+ 69. Kxb4 Rb6+ 70. Kc3 Qa3+ 71. Kd4 Rd6+
72. Ke5 Qa6 73. Rc5 Re6+ 74. Kd4+ Kg4 75. Rb5 Rd6+ 76. Kc3 h4 77. Kb3 h3 78. Re5
Qb6+ 79. Ka4 Rd4 80. Ka3 Qd6+ {White resigns} 0-1

[Event "Team 45 45 League T71"]
[Site "Internet Chess Club"]
[Date "2017.01.18"]
[Round "6"]
[White "mongmong"]
[Black "tightfist"]
[Result "1-0"]
[WhiteElo "1529"]
[BlackElo "1491"]
[Opening "QGD Slav: 4.Nc3"]
[ECO "D15"]
[Time "21:01:58"]
[TimeControl "2700+45"]

1. d4 Nf6 2. Nf3 d5 3. c4 c6 4. Nc3 h6 5. e3 Bf5 6. Qb3 Qb6 7. Qxb6 axb6 8. cxd5
cxd5 9. a3 Nc6 10. Bb5 Bd7 11. O-O e6 12. b3 Bd6 13. Bb2 O-O 14. Rfc1 Na5 15.
Nd2 Rfc8 16. b4 Nc4 17. Nxc4 dxc4 18. Bxd7 Nxd7 19. Rc2 Nb8 20. Rac1 Nc6 21. g3
Na7 22. Ne4 Be7 23. Rxc4 Rc6 24. Rxc6 bxc6 25. Nc3 c5 26. bxc5 bxc5 27. dxc5
Bxc5 28. Ne4 Bf8 29. a4 Rb8 30. Bd4 Rb4 31. Bxa7 Rxe4 32. a5 Bb4 33. Bb6 Bd2 34.
Rc8+ Kh7 35. a6 Ra4 36. a7 Ra1+ 37. Kg2 Ra2 38. a8=Q Rxa8 39. Rxa8 Bc3 40. e4
Be5 41. f3 Bf6 42. h3 h5 43. g4 hxg4 44. hxg4 Be5 45. Be3 Kg6 46. f4 Bc3 47. Kf3
f5 48. exf5+ exf5 49. Ra6+ Kf7 50. gxf5 Bf6 51. Ke4 Ke7 52. Kd5 Kf7 53. Ra7+ Ke8
54. Ke6 Kd8 55. Bc5 Kc8 56. Rf7 Bc3 57. Bf8 Bd2 58. Bxg7 Bxf4 59. Rd7 Bg5 60. f6
Bxf6 61. Bxf6 Kb8 62. Kd6 Ka8 63. Kc6 Kb8 64. Rh7 Ka8 65. Bh4 Kb8 66. Bg5 Ka8
67. Kc7 Ka7 68. Rh6 Ka8 69. Ra6# {Black checkmated} 1-0

[Event "Team 45 45 League T71"]
[Site "Internet Chess Club"]
[Date "2017.01.22"]
[Round "6"]
[White "parrot9"]
[Black "evan7284"]
[Result "1-0"]
[WhiteElo "1675"]
[BlackElo "1672"]
[Opening "QGD: 3.Nc3"]
[ECO "D31"]
[Time "09:11:49"]
[TimeControl "2700+45"]

1. d4 d5 2. c4 e6 3. Nc3 f5 4. e3 c6 5. Bd3 Nf6 6. Nge2 Bd6 7. Ng3 Ne4 8. a3 O-O
9. O-O Qh4 10. Nce2 g5 11. Qe1 Rf6 12. f3 Rh6 13. Bxe4 Qxh2+ 14. Kf2 Bxg3+ 15.
Nxg3 f4 16. exf4 Rh3 17. Bxh7+ Kxh7 18. Ne2 Bd7 19. fxg5 Rxf3+ 20. Kxf3 Qh5+ 21.
Ke3 Qxg5+ 22. Kd3 dxc4+ 23. Kc3 Qa5+ 24. Kc2 Qxe1 25. Rxe1 Na6 26. Bf4 Rg8 27.
Rh1+ Kg6 28. Be5 Rf8 29. Nf4+ Kg5 30. Raf1 Kg4 31. Rh7 Bc8 32. Rg7+ {Black
resigns} 1-0

[Event "Team 45 45 League T71"]
[Site "Internet Chess Club"]
[Date "2017.01.21"]
[Round "6"]
[White "rayonline53"]
[Black "bayoumicardio10"]
[Result "0-1"]
[WhiteElo "1498"]
[BlackElo "1628"]
[Opening "King's Indian: fianchetto without c4"]
[ECO "A49"]
[Time "17:00:37"]
[TimeControl "2700+45"]

1. d4 Nf6 2. Nf3 g6 3. g3 Bg7 4. Bg2 O-O 5. O-O d5 6. Nbd2 Nbd7 7. c3 c5 8. Re1
cxd4 9. cxd4 Nb6 10. e4 dxe4 11. Nxe4 Nxe4 12. Rxe4 Bf5 13. Re1 Bg4 14. Be3 Bxf3
15. Bxf3 Qd7 16. Qb3 e6 17. Rac1 h6 18. Red1 Rfd8 19. Rc2 Nd5 20. Bxd5 Qxd5 21.
Qxd5 Rxd5 22. Kf1 Rd7 23. b3 b6 24. Ke2 Rad8 25. Rcd2 f5 26. h4 Kf7 27. f4 Bf8
28. Rd3 Kf6 29. R3d2 Bb4 30. Rd3 Rd5 31. Bd2 Bxd2 32. R1xd2 g5 33. hxg5+ hxg5
34. Kf3 Rh8 35. Kg2 gxf4 36. gxf4 Rh4 37. Rf3 Rd7 38. Kf2 Rh2+ 39. Ke3 Rxd2 40.
Kxd2 Rxd4+ 41. Ke3 Re4+ 42. Kd3 e5 43. fxe5+ Kxe5 44. Rh3 Rd4+ 45. Kc3 Rd7 46.
Rh8 Ke4 47. Re8+ Kf3 48. Rf8 f4 49. Rg8 Ke2 50. Re8+ Kf2 51. Rf8 f3 52. Rf6 Ke2
53. Re6+ Kf1 54. Rf6 f2 55. Rg6 Re7 56. Kd3 Ke1 {White resigns} 0-1

[Event "Team 45 45 League T71"]
[Site "Internet Chess Club"]
[Date "2017.01.20"]
[Round "6"]
[White "bradleyguo175"]
[Black "platolag"]
[Result "1-0"]
[WhiteElo "1624"]
[BlackElo "1630"]
[Opening "QGD: 6.Nf3"]
[ECO "D55"]
[Time "09:05:54"]
[TimeControl "2700+45"]

1. d4 Nf6 2. c4 e6 3. Nf3 d5 4. Nc3 Be7 5. Bg5 O-O 6. e3 c6 7. Bd3 Nbd7 8. O-O
b6 9. cxd5 cxd5 10. Rc1 Bb7 11. Qe2 a6 12. Rc2 h6 13. Bf4 Nh5 14. Be5 Nxe5 15.
Nxe5 Bd6 16. Qxh5 f5 17. Ne2 Qf6 18. Nd7 {Black resigns} 1-0

[Event "Team 45 45 League T71"]
[Site "Internet Chess Club"]
[Date "2017.01.22"]
[Round "6"]
[White "Konstantinos"]
[Black "pokerram"]
[Result "1/2-1/2"]
[WhiteElo "1684"]
[BlackElo "1588"]
[Opening "King's Indian, 3.Nf3"]
[ECO "E61"]
[Time "15:00:49"]
[TimeControl "2700+45"]

1. d4 Nf6 2. c4 g6 3. Nf3 Bg7 4. Nc3 O-O 5. e3 d6 6. Be2 e5 7. dxe5 dxe5 8. O-O
Qe7 9. Qc2 c6 10. e4 Na6 11. a3 Nc7 12. Be3 Bg4 13. Rad1 Bxf3 14. Bxf3 Nd7 15.
Bg4 Nf6 16. Bh3 Ne6 17. Rd2 Nf4 18. Bxf4 exf4 19. Kh1 Rfd8 20. Rfd1 Rxd2 21.
Rxd2 Rd8 22. f3 h5 23. b4 Nh7 24. Ne2 Be5 25. Qd1 Rxd2 26. Qxd2 Qd6 27. Qxd6
Bxd6 28. Bc8 b6 29. Bd7 c5 30. b5 Nf8 31. Bc8 Be5 32. Kg1 Ne6 33. Bxe6 fxe6 34.
a4 g5 35. h3 Kf7 36. Nc1 Bb2 37. Nd3 Bd4+ 38. Kh2 Kf6 39. g3 fxg3+ 40. Kxg3 Be5+
41. Kg2 Bf4 42. Kf2 Be5 43. Kg2 Bf4 44. Kf2 {Game drawn by mutual agreement}
1/2-1/2

[Event "Team 45 45 League T71"]
[Site "Internet Chess Club"]
[Date "2017.01.20"]
[Round "6"]
[White "bmw2002"]
[Black "Insan996"]
[Result "0-1"]
[WhiteElo "1508"]
[BlackElo "1617"]
[Opening "English opening"]
[ECO "A13"]
[Time "21:07:17"]
[TimeControl "2700+45"]

1. c4 e6 2. g3 d5 3. Bg2 Nf6 4. cxd5 exd5 5. d4 Be7 6. Nf3 O-O 7. Nc3 Bg4 8. h3
Bxf3 9. Bxf3 c6 10. O-O Nbd7 11. Bf4 Re8 12. a3 Nb6 13. b4 Nc4 14. Qb3 Qd7 15.
Kh2 Bd6 16. Bc1 b5 17. Re1 Qf5 18. Qb1 Ne4 19. Nxe4 dxe4 20. Rf1 Qg6 21. Bg2 f5
22. e3 h5 23. h4 Qg4 24. Kg1 g5 25. hxg5 Qxg5 26. Qc2 h4 27. f4 Qxg3 28. Qf2 Qg4
29. Kh2 Kf7 30. Bh3 Qh5 31. Ra2 Rg8 32. Rg1 Rxg1 33. Qxg1 Rg8 34. Rg2 Rxg2+ 35.
Kxg2 Qe2+ 36. Kh1 Qf3+ 37. Qg2 Qd1+ 38. Qg1 Qxg1+ 39. Kxg1 Kg6 40. Kg2 Be7 41.
Kf1 Nd6 42. Kf2 Ne8 43. Ke2 Nf6 44. Kd2 Ng4 45. Ke2 Nh2 46. Kf2 Ng4+ 47. Kg2 Nf6
48. Kf2 Bd8 49. Ke2 Nd5 50. Kd2 a5 51. bxa5 Bxa5+ 52. Kc2 Be1 53. Kd1 Ba5 54.
Kc2 Be1 55. Kd1 Bf2 56. Ke2 Bg1 57. Bd2 Kf6 58. Bg2 Kg6 59. Bh3 Bh2 60. Be1 Bxf4
61. exf4 Nxf4+ 62. Ke3 Nxh3 63. Bxh4 Ng5 64. Kf4 Nf7 65. Be7 Kg7 66. Kxf5 e3 67.
Bf6+ Kh6 68. Kf4 Kg6 69. Bh4 Nd6 70. Be1 Nc4 71. Bb4 Kf6 72. Ke4 Ke6 73. Bc5 e2
74. Bb4 Nxa3 75. Kd3 Kd5 76. Kxe2 Nc2 77. Bc3 Nxd4+ 78. Kd3 Ne6 79. Bf6 Nc5+ 80.
Kc2 Kc4 81. Kb2 Nd3+ 82. Kc2 c5 83. Bg7 b4 84. Bh8 b3+ 85. Kb1 Kb4 86. Bf6 c4
87. Be7+ Kc3 88. Bf6+ Kd2 89. Bd4 c3 90. Bf6 c2+ 91. Ka1 c1=Q# {White
checkmated} 0-1

[Event "Team 45 45 League T71"]
[Site "Internet Chess Club"]
[Date "2017.01.29"]
[Round "6"]
[White "Gilguli"]
[Black "Zyme"]
[Result "0-1"]
[WhiteElo "1348"]
[BlackElo "1464"]
[Opening "Benkö gambit: Zaitsev system"]
[ECO "A57"]
[Time "15:32:52"]
[TimeControl "2700+45"]

1. d4 Nf6 2. c4 c5 3. d5 b5 4. cxb5 a6 5. Nc3 Qa5 6. Bd2 axb5 7. e3 b4 8. Na4
Qxa4 9. Bc4 Qxd1+ 10. Rxd1 Ba6 11. Bxa6 Rxa6 12. Rc1 d6 13. Bxb4 cxb4 14. Rc8+
Kd7 15. Rxb8 Nxd5 16. Nf3 Rxa2 17. O-O Rxb2 18. Ra1 g6 19. Nd4 Bg7 20. Ra7+ Nc7
{White resigns} 0-1

[Event "Team 45 45 League T71"]
[Site "Internet Chess Club"]
[Date "2017.01.23"]
[Round "6"]
[White "chuckh2"]
[Black "bardu"]
[Result "1-0"]
[WhiteElo "1430"]
[BlackElo "1447"]
[Opening "Queen's pawn: London system"]
[ECO "A45"]
[Time "19:00:22"]
[TimeControl "2700+45"]

1. d4 Nf6 2. Bf4 g6 3. e3 Bg7 4. Nf3 d6 5. h3 O-O 6. Be2 c5 7. c3 cxd4 8. exd4
Nc6 9. O-O Nd5 10. Bg3 e5 11. dxe5 dxe5 12. Bc4 Be6 13. Qe2 f6 14. Na3 a6 15.
Rad1 Qa5 16. Rd3 Nb6 17. Bxe6+ {Black resigns} 1-0

[Event "Team 45 45 League T71"]
[Site "Internet Chess Club"]
[Date "2017.01.19"]
[Round "6"]
[White "Toalla"]
[Black "BrerRabbit"]
[Result "0-1"]
[WhiteElo "1244"]
[BlackElo "1384"]
[Opening "English opening"]
[ECO "A10"]
[Time "19:10:10"]
[TimeControl "2700+45"]

1. c4 d6 2. e3 e5 3. d4 e4 4. f3 Nf6 5. Nc3 exf3 6. gxf3 Nc6 7. Bd2 g6 8. d5 Ne5
9. Ne4 Nxe4 10. fxe4 Qh4+ 11. Ke2 Bg4+ {White resigns} 0-1